 Dungeon Crawl Stone Soup version 0.26.1-11-gd32895ea62 (webtiles) character file.

Game seed: 2443603035376979599

5 DearestLeader the Caller (level 1, -2/13 HPs)
             Began as a Gnoll Summoner on Apr 22, 2021.
             Slain by a kobold
             ... wielding a +0 club
              (4 damage)
             ... on level 1 of the Dungeon.
             The game lasted 00:00:43 (269 turns).

DearestLeader the Caller (Gnoll Summoner)            Turns: 269, Time: 00:00:44

Health: -2/13      AC:  2    Str: 10    XL:     1   Next: 80%
Magic:  4/6        EV: 14    Int: 17    God:
Gold:   9          SH:  0    Dex: 15    Spells: 8/9 levels left

rFire    . . .     SeeInvis .   d - +0 mace
rCold    . . .     Faith    .   (no shield)
rNeg     . . .     Spirit   .   a - +0 robe
rPois    .         Reflect  .   (no helmet)
rElec    .         Harm     .   (no cloak)
rCorr    .         Rampage  .   (no gloves)
Will     .....                  (no boots)
Stlth    +++.......             (no amulet)
HPRegen  0.04/turn              (no ring)
MPRegen  0.10/turn              (no ring)

@: no status effects
A: distributed training, fangs 1, strong nose
a: no special abilities


You were on level 1 of the Dungeon.
You visited 1 branch of the dungeon, and saw 1 of its levels.

You collected 9 gold pieces.

Inventory:

Hand Weapons
 d - a +0 mace (weapon)
Armour
 a - a +0 robe (worn)
Scrolls
 b - a scroll of enchant armour {unknown}
 e - a scroll of remove curse {unknown}
Potions
 c - a potion of degeneration {unknown}


   Skills:
 + Level 0.1 Fighting
 + Level 0.1 Short Blades
 + Level 0.1 Long Blades
 + Level 0.1 Axes
 + Level 0.1 Maces & Flails
 + Level 0.1 Polearms
 + Level 0.1 Staves
 + Level 0.1 Slings
 + Level 0.1 Bows
 + Level 0.1 Crossbows
 + Level 0.1 Throwing
 + Level 0.1 Armour
 + Level 4.4 Dodging
 + Level 4.0 Stealth
 + Level 0.1 Shields
 + Level 0.1 Unarmed Combat
 + Level 4.9 Spellcasting
 + Level 0.1 Conjurations
 + Level 0.1 Hexes
 + Level 7.0 Summonings
 + Level 0.1 Necromancy
 + Level 0.1 Translocations
 + Level 0.1 Transmutations
 + Level 0.1 Fire Magic
 + Level 0.1 Ice Magic
 + Level 0.1 Air Magic
 + Level 0.1 Earth Magic
 + Level 0.1 Poison Magic
 + Level 0.2 Invocations
 + Level 0.1 Evocations


You had 8 spell levels left.
You knew the following spells:

 Your Spells              Type           Power        Failure   Level
a - Summon Small Mammal   Summ           100%         1%          1

Your spell library contained the following spells:

 Spells                   Type           Power        Failure   Level
 Call Imp                 Summ           28%          1%          2
 Call Canine Familiar     Summ           28%          2%          3
 Summon Guardian Golem    Hex/Summ       16%          10%         3
 Summon Ice Beast         Ice/Summ       16%          32%         4
 Summon Lightning Spire   Summ/Air       16%          32%         4


Dungeon Overview and Level Annotations

Branches:
Dungeon (1/15)

Altars:


Innate Abilities, Weirdness & Mutations

Your experience applies equally to all skills.
You have very sharp teeth.
Your uncanny sense of smell can sniff out nearby items.


Message History

The hobgoblin hits you.
Your quokka barely misses the hobgoblin.
You see here a stone.
Your quokka closely misses the hobgoblin.
The kobold barely misses your quokka.
Your quokka bites the hobgoblin but does no damage.
Your magical contamination has completely faded away.
You sock the hobgoblin!
You kill the hobgoblin!
The kobold throws a stone.
The stone hits your quokka.
You swap places.
The kobold throws a stone.
The stone hits you.
* * * LOW HITPOINT WARNING * * *
You see here 3 stones.
The kobold barely misses you.
You barely miss the kobold. The kobold barely misses you.
Your quokka closely misses the kobold.
You closely miss the kobold. The kobold barely misses you.
Your quokka barely misses the kobold.
Your quokka bites the kobold.
The kobold hits you with a +0 club.
You die...

# ##.# #.# # #.. #.#
# ##.# ####.# ##
##..########....#
.##
#......(.......##
..###..#########.#.#
......##
####....#####
..###.#
#....(.......[
..###.#
#.##r@r.#####.
....#.# # ##K#.#
..#...# #....#
..#..## #..#..#
.....# .#.. .##
.#..#####....... ..
.#...).......... ###
.#..###...##.#.#
.#..# #.##.#.


You could see a kobold and 2 friendly quokkas.

Vanquished Creatures
  A hobgoblin (D:1)
  2 ball pythons (D:1)
  A rat (D:1)
4 creatures vanquished.

Vanquished Creatures (collateral kills)
  2 kobolds (D:1)
2 creatures vanquished.

Grand Total: 6 creatures vanquished

Notes
Turn   | Place    | Note
-------+----------+-------------------------------------------
     0 | D:1      | DearestLeader the Gnoll Summoner began the quest for the
                  | Orb.
     0 | D:1      | Reached XP level 1. HP: 13/13 MP: 6/6
   269 | D:1      | Slain by a kobold

Illustrated notes

Levels and vault maps discovered:
D:1:      grunt_arrival_crossed_arrows, layout_loops_ring, serial_bayou,
          serial_bayou_lagoon_a, serial_bayou_shore_b, serial_bayou_pond_d,
          serial_bayou_pond_e, tso_metal_star

Action                   || total
-------------------------++-------
Melee: Mace              ||    10
       Bite              ||     1
 Cast: Summon Small Mamm ||    12
 Stab: Sleeping          ||     1
Armor: Robe              ||     3
Dodge: Dodged            ||    15
